 Dungeon Crawl Stone Soup version 0.25.1-2-g60ff931df9 (webtiles) character file.

Game seed: 14370524517357467713

93 aonetuhc the Chopper (level 4, -15/40 HPs)
             Began as a Hill Orc Fighter on Aug 8, 2020.
             Demolished by a kobold
             ... wielding a +0 long sword of distortion
              (17 damage)
             ... on level 2 of the Dungeon.
             The game lasted 00:03:42 (1045 turns).

aonetuhc the Chopper (Hill Orc Fighter)             Turns: 1045, Time: 00:03:43

Health: -15/40     AC:  8    Str: 19    XL:     4   Next: 62%
Magic:  4/4        EV:  7    Int:  8    God:
Gold:   16         SH:  9    Dex: 10    Spells: 3/3 levels left

rFire    . . .     SeeInvis .   a - +0 war axe
rCold    . . .     Gourm    .   c - +0 kite shield
rNeg     . . .     Faith    .   b - +0 scale mail
rPois    .         Spirit   .   (no helmet)
rElec    .         Reflect  .   (no cloak)
rCorr    .         Harm     .   h - +0 pair of gloves
MR       .....                  (no boots)
Stlth    ..........             (no amulet)
HPRegen  0.13/turn              (no ring)
MPRegen  0.09/turn              (no ring)

@: no status effects
A: no striking features
a: no special abilities


You were on level 2 of the Dungeon.
You were hungry.

You visited 1 branch of the dungeon, and saw 2 of its levels.
You visited the Abyss 1 time.

You collected 16 gold pieces.

Inventory:

Hand Weapons
 a - a +0 war axe (weapon)
Armour
 b - a +0 scale mail (worn)
 c - a +0 kite shield (worn)
 h - a +0 pair of gloves (worn)
 l - a +2 pair of gloves
Jewellery
 j - a cursed ring of attention {unknown}
Scrolls
 e - a scroll of fog {unknown}
 g - a scroll of teleportation {unknown}
 k - a scroll of amnesia {unknown}
 n - a scroll of remove curse {unknown}
 o - a scroll of vulnerability {unknown}
 p - a scroll of immolation {unknown}
Potions
 d - 2 potions of might
 i - a potion of flight {unknown}
Comestibles
 f - 5 rations
 m - a chunk of flesh


   Skills:
 - Level 3.6 Fighting
 + Level 6.1 Axes
 - Level 3.3 Armour
 - Level 3.3 Shields


You had 3 spell levels left.
You didn't know any spells.
Your spell library was empty.

Dungeon Overview and Level Annotations

Branches:
Dungeon (2/15)

Altars:


Message History

* * * LOW HITPOINT WARNING * * *
The ufetubus barely misses you.
You closely miss the ufetubus.
The ufetubus is heavily wounded.
The ufetubus hits you but does no damage.
You block the ufetubus's attack.
You closely miss the ufetubus.
The ufetubus is heavily wounded.
The ufetubus hits you but does no damage.
You block the ufetubus's attack. The ufetubus hits you.
* * * LOW HITPOINT WARNING * * *
You block the ufetubus's attack. The ufetubus barely misses you.
The ufetubus closely misses you.
You slash the ufetubus!
You kill the ufetubus!
The kobold hits you but does no damage. Space bends around you.
* * * LOW HITPOINT WARNING * * *
You closely miss the kobold. The kobold hits you but does no damage.
Space warps horribly around you!
You die...

... #..## . #...## ##
....#....# [.#
.........# #.#
.......#.# #.# #.#
.8.8..##)# #.# #.#
...... #(###.#### #.#
##### #.K@.....###.
#.# ###..........
##.##
#.#.##.#######...#
...#.##.........#..
#####..รท.>..........
###############. ##


You could see a kobold.

Vanquished Creatures
  A small abomination (Abyss:1)
  2 gnolls (D:2)
  An adder (D:2)
  An ufetubus (D:2)
  A ball python (D:2)
  2 giant cockroaches
  3 hobgoblins
  2 jackals (D:2)
  3 bats
  5 goblins
  4 kobolds
  5 rats
30 creatures vanquished.

Notes
Turn   | Place    | Note
-------+----------+-------------------------------------------
     0 | D:1      | aonetuhc the Hill Orc Fighter began the quest for the Orb.
     0 | D:1      | Reached XP level 1. HP: 19/19 MP: 1/1
    72 | D:1      | Reached skill level 3 in Axes
   266 | D:1      | Reached XP level 2. HP: 18/27 MP: 2/2
   696 | D:2      | Reached skill level 4 in Axes
   766 | D:2      | Reached XP level 3. HP: 30/33 MP: 3/3
   935 | D:2      | Reached skill level 5 in Axes
   941 | D:2      | Cast into level 1 of the Abyss (kobold)
  1033 | Abyss:1  | Reached skill level 6 in Axes
  1033 | Abyss:1  | Reached XP level 4. HP: 24/40 MP: 4/4
  1035 | D:2      | Escaped the Abyss
  1044 | D:2      | HP: 2/40 [kobold/+0 long sword of distortion (5)]
  1045 | D:2      | Demolished by a kobold

Illustrated notes

Levels and vault maps discovered:
D:1:      heliophobic_arrival_battle_scene, layout_basic
D:2:      layout_loops_ring, eat_drink_and_be_merry_uskayaw, marbit_many_paths,
          minmay_tall_x

Skill      XL: |  1  2  3 |
---------------+----------+-----
Axes           | 3 4 6 |  6.1
Fighting       | |  3.6
Armour         | |  3.3
Shields        | |  3.3

Action                   |  1- 3 |  4- 6 || total
-------------------------+-------+-------++-------
Melee: War axe           |   106 |     8 ||   114
Armor: Scale mail        |    60 |    11 ||    71
Dodge: Dodged            |    24 |    10 ||    34
Block: Kite shield       |    57 |    12 ||    69
